 Dungeon Crawl Stone Soup version 0.29.0-11-gd7f09526c8 (webtiles) character file.

Game seed: 300778272149205430

2 xian the Sneak (level 1, -2/22 HPs)
             Began as a Troll Delver on Sept 6, 2022.
             Shot with an arrow by a centaur (9 damage)
             ... on level 5 of the Dungeon.
             The game lasted 00:01:24 (269 turns).

xian the Sneak (Troll Delver)                        Turns: 269, Time: 00:01:24

Health: -2/22      AC:  4    Str: 19    XL:     1   Next: 25%
Magic:  0/0        EV:  9    Int:  6    God:
Gold:   8          SH:  0    Dex: 11    Spells: 0/0 levels left

rFire   . . .      SeeInvis .   i - +0 sling
rCold   . . .      Faith    .   (no shield)
rNeg    . . .      Spirit   .   b - +0 robe
rPois   .          Reflect  .   (helmet restricted)
rElec   .          Harm     .   (no cloak)
rCorr   .          Rampage  .   (gloves unavailable)
Will    .....                   (boots unavailable)
Stlth   ++........              (no amulet)
HPRegen 0.87/turn               (no ring)
MPRegen 0.07/turn               (no ring)

@: no status effects
A: large, unfitting armour, claws 3, regeneration 1, shaggy fur 1, tough skin 1
a: no special abilities


You were on level 5 of the Dungeon.
You visited 1 branch of the dungeon, and saw 1 of its levels.

You collected 8 gold pieces.

Inventory:

Hand Weapons
 a - a +0 mace
 i - a +0 sling (weapon)
Armour
 b - a +0 robe (worn)
Wands
 g - a wand of digging (3)
Scrolls
 c - a scroll of fog
 d - a scroll of magic mapping
 e - a scroll of fear
Potions
 f - a potion of haste
 h - a potion of curing {unknown}


   Skills:
 + Level 2.4 Fighting
 - Level 1.7 Maces & Flails
 + Level 0.3 Throwing
 - Level 1.5 Dodging
 - Level 2.7 Stealth


You couldn't memorise any spells.
You didn't know any spells.
Your spell library contained the following spells:

 Spells                   Type           Power      Damage    Failure   Level
 Apportation              Tloc           0%         N/A       45%         1
 Necrotise                Necr           0%         1d4       45%         1
 Summon Small Mammal      Summ           0%         N/A       45%         1


Dungeon Overview and Level Annotations

Branches:
Dungeon (5/15)
 Temple: D:4-7

Altars:


Innate Abilities, Weirdness & Mutations

You are too large for most types of armour.
You have claws for hands.
Your natural rate of healing is unusually fast.
You are covered in fur. (AC +1)
You have tough skin. (AC +1)


Message History

Orders for allies: a - Attack new target. r - Retreat! s - Stop attacking. g - Guard the area. f - Follow me.
Anything else - Cancel.
Okay, then.
Found a dagger.
Found 8 gold pieces.
Found a stone staircase leading down.
You see here a +0 dagger.
You now have 8 gold pieces.
Found a pair of boots.
You see here a +0 pair of boots.
An orc comes into view. It is wielding a +0 club.
The orc shouts!
The orc hits you but does no damage.
You hit the orc but do no damage. The orc closely misses you.
You closely miss the orc. The orc hits you but does no damage.
You hit the orc but do no damage. The orc hits you with a +0 club.
You sock the orc!
You kill the orc!
Things that are here:
a +0 club; a +0 scale mail; an orc corpse
Found a sling.
h - a viscous yellow potion
There are no items here.
You see here a +0 sling.
i - a +0 sling
Found a flail.
i - a +0 sling (weapon)
A centaur comes into view.
The centaur wields a +0 shortbow.
The centaur shoots an arrow.
The arrow hits you.
The centaur shoots an arrow.
The arrow hits you.
The centaur shoots an arrow.
The arrow hits you!
Ouch! That really hurt!
* * * LOW HITPOINT WARNING * * *
The centaur shoots an arrow.
The arrow hits you.
* * * LOW HITPOINT WARNING * * *
Found an escape hatch in the floor.
The centaur shoots an arrow.
The arrow hits you!
You die...

##...... ##...... .##
###......# ... #....c...
... ........# ## ##.
........# ..# #.
........# #.... ##
........# ###...... #
........#######@...>...
#
..........#......####...
# .#######.c.....### #..
## ###...### #..## ###.
#..## #..####... ##..#
#..##....# #..#
#.......## #..##
##....### ##..# #...##


You could see a centaur.

Vanquished Creatures
  An orc (D:5)
1 creature vanquished.

Notes
Turn   | Place    | Note
-------+----------+-------------------------------------------
     0 | D:5      | xian the Troll Delver began the quest for the Orb.
     0 | D:5      | Reached XP level 1. HP: 22/22 MP: 0/0
   258 | D:5      | Noticed a centaur
   269 | D:5      | Shot with an arrow by a centaur

Illustrated notes

Levels and vault maps discovered:
D:5:      layout_layer_cave, minmay_misc_feat_five, hangedman_decor_slide_cut

Action                   || total
-------------------------++-------
Melee: Mace              ||     4
Armor: Robe              ||     2
Dodge: Dodged            ||     1
